Avalanche vs Rangers
(R1)
Created - December 29, 2021 at 19:14
Goals
|
| Avalanche |
0 |
1 |
1 |
2 |
| Rangers |
2 |
2 |
0 |
4 |
|
Shots
|
| Avalanche |
11 |
11 |
6 |
28 |
| Rangers |
13 |
12 |
15 |
40 |
|
1st period
1. Rangers , Ryan Strome 2 (Milan Lucic 9, Sean Couturier 7) at 19:25 (PP)
2. Rangers , Ryan Strome 3 (Milan Lucic 10, Sean Couturier 8) at 19:39
Penalties :
Patric Hornqvist (Col) for Tripping (Minor) at 1:13, Mikkel Boedker (Col) for Holding (Minor) at 7:05, Colten Teubert (Col) for Kneeing (Minor) at 13:08, Bryan Little (Col) for Tripping (Minor) at 16:33, Mikkel Boedker (Col) for Roughing (Minor) at 19:09, Bryan Little (Col) for Goalie Interference (Minor) at 19:48
2nd period
3. Avalanche , Charlie Coyle 3 (Jack Johnson 4) at 6:04 (PP)
4. Rangers , Milan Lucic 7 (Patrik Nemeth 4) at 12:24 (PP)
5. Rangers , Milan Lucic 8 (Ryan Strome 4, Sean Couturier 9) at 18:00 (PP)
Penalties :
Nick Cousins (Col) for Hooking (Minor) at 3:01, Jonas Brodin (NyR) for High sticking (Minor) at 5:29, Patric Hornqvist (Col) for Slashing (Minor) at 11:39, Mikkel Boedker (Col) for Hooking (Minor) at 17:08, Patric Hornqvist (Col) for Roughing (Minor) at 18:28
3rd period
6. Avalanche , Bryan Little 4 (Charlie Coyle 4) at 6:18 (SH)
Penalties :
Bryan Little (Col) for Tripping (Minor) at 2:30, Marc Staal (Col) for Roughing (Double Minor) at 5:40, Patric Hornqvist (Col) for Hooking (Minor) at 10:43, Martin Samuelsson (Col) for Roughing (Minor) at 18:15, Mikkel Boedker (Col) for Holding (Minor) at 18:58
Goalie Stats
Semyon Varlamov (Col), 36 saves from 40 shots - (0.900), L, 1-1-0, 60:00 minutes
Frederik Andersen (NyR), 26 saves from 28 shots - (0.929), W, 5-2-0, 60:00 minutes
Players Stats for Avalanche
Player Name G A P +/- PIM S H SB GA TA FO MP PP MP PK MP
------------------------------------------------------------------------------------
Bryan Little 1 0 1 0 6 3 0 0 1 0 12/25 17:58 0:21 6:51
Charlie Coyle 1 1 2 1 0 2 1 2 0 1 5/7 16:50 0:14 7:56
Colten Teubert 0 0 0 0 2 0 1 1 0 0 0/0 9:24 0:00 0:36
Erik Karlsson 0 0 0 1 0 0 1 1 0 0 0/0 21:05 0:00 9:54
Evgeny Dadonov 0 0 0 0 0 2 0 2 0 0 0/0 8:36 0:14 0:00
Jack Johnson 0 1 1 -1 0 1 1 3 0 0 0/0 30:13 0:35 15:33
James Van Riemsdyk 0 0 0 0 0 4 1 0 0 0 0/0 12:56 0:00 3:24
Jarred Tinordi 0 0 0 0 0 0 0 1 0 0 0/0 10:55 0:00 2:13
Kyle Turris 0 0 0 0 0 0 0 0 0 0 0/3 6:23 0:00 1:05
Luke Witkowski 0 0 0 0 0 2 0 0 0 1 0/0 9:25 0:00 0:00
Marc Staal 0 0 0 -1 4 1 1 0 1 2 0/0 27:55 0:35 13:10
Martin Samuelsson 0 0 0 0 2 0 1 0 0 0 0/1 5:04 0:00 0:00
Mattias Ekholm 0 0 0 1 0 1 2 0 0 0 0/0 20:39 0:00 9:28
Mikkel Boedker 0 0 0 -1 8 3 1 2 0 0 10/25 23:11 0:21 12:11
Nick Cousins 0 0 0 0 2 0 1 0 0 0 0/0 5:09 0:00 0:00
Patric Hornqvist 0 0 0 -1 8 4 1 1 0 1 0/1 21:30 0:21 10:28
Tomas Fleischmann 0 0 0 0 0 1 0 0 1 1 0/0 8:36 0:14 0:00
Vincent Trocheck 0 0 0 0 0 4 0 0 0 0 8/14 17:28 0:00 7:57
Players Stats for Rangers
Player Name G A P +/- PIM S H SB GA TA FO MP PP MP PK MP
------------------------------------------------------------------------------------
Artem Anisimov 0 0 0 0 0 0 0 0 1 0 1/1 6:19 0:28 0:00
Chris Bourque 0 0 0 -1 0 1 1 0 1 0 0/0 17:41 11:06 0:00
Devante Smith-Pelly 0 0 0 0 0 2 2 1 0 0 1/1 11:13 0:36 0:00
Dmitry Kulikov 0 0 0 0 0 3 3 2 0 1 0/0 30:35 15:52 0:35
Jonas Brodin 0 0 0 0 2 0 1 0 0 0 0/0 10:03 0:00 0:00
Luke Schenn 0 0 0 0 0 5 1 1 0 1 0/0 30:35 15:52 0:35
Magnus Paajarvi 0 0 0 0 0 1 1 0 0 0 0/0 6:06 0:15 0:00
Matt Delahey 0 0 0 0 0 0 1 0 0 0 0/0 19:21 9:35 0:00
Milan Lucic 2 2 4 1 0 8 5 0 1 0 3/5 25:18 13:45 0:35
Morgan Ellis 0 0 0 0 0 2 1 0 0 1 0/0 10:04 0:00 0:00
Patrice Bergeron 0 0 0 -1 0 2 1 1 1 0 6/11 17:41 11:06 0:00
Patrik Nemeth 0 1 1 0 0 2 2 0 0 0 0/0 19:21 9:35 0:00
Richard Panik 0 0 0 0 0 0 0 1 0 0 0/0 6:17 0:29 0:00
Ryan Strome 2 1 3 1 0 6 2 0 0 0 1/5 24:43 13:45 0:00
Sean Couturier 0 3 3 1 0 6 0 0 1 0 26/46 25:18 13:45 0:35
Steve Quailer 0 0 0 -1 0 0 1 0 0 0 0/0 17:41 11:06 0:00
T.J Galiardi 0 0 0 0 0 1 0 0 0 0 0/0 10:34 0:00 0:00
Tomas Hertl 0 0 0 0 0 1 1 1 1 0 3/7 10:34 0:00 0:00
3 Stars
1 - Milan Lucic (NyR)
2 - Ryan Strome (NyR)
3 - Sean Couturier (NyR)
Power Play
Avalanche - 1 on 1 Attempt(s) - 100.00%
Rangers - 3 on 16 Attempt(s) - 18.75%
Penalty Kill
Avalanche - 13 on 16 Attempt(s) - 81.25%
- Score 1 goal in Penalty Kill
Rangers - 0 on 1 Attempt(s) - 0.00%
- Score 0 goal in Penalty Kill
Team Stat
Avalanche - Hits : 12 - Faceoff Wins : 35 - Blocked Shots : 13 - Penalty Minutes : 32
Rangers - Hits : 23 - Faceoff Wins : 41 - Blocked Shots : 7 - Penalty Minutes : 2
Official
Referees : TJ Luxmore and Steve Kozari
Linesman : Tyson Baker and Jesse Marquis
Game Notes
No Game Note
Finance
Level 1 -- Attendance: 5604 (93.40%) -- Ticket Income $560,400
Level 2 -- Attendance: 4948 (98.96%) -- Ticket Income $296,880
Level 3 -- Attendance: 1844 (92.20%) -- Ticket Income $64,540
Level 4 -- Attendance: 4000 (100.00%) -- Ticket Income $100,000
Luxury Box -- Attendance: 897 (89.70%) -- Ticket Income $179,400
Game was played at the Madison Square Garden.
Total Attendance: 17293 (96.07%)
Total Ticket Income: $1,201,220
Other Income: $180,183
Total Income: $1,381,403
Avalanche
5 vs 5 Forward
Center Left Wing Right Wing Time % Phy DF OF
1 Bryan Little Mikkel Boedker Patric Hornqvist 40 1 2 2
2 Charlie Coyle Tomas Fleischmann Evgeny Dadonov 30 1 2 2
3 Vincent Trocheck James Van Riemsdyk Luke Witkowski 20 1 2 2
4 Kyle Turris Martin Samuelsson Nick Cousins 10 1 2 2
5 vs 5 Defense
Defense Defense Time % Phy DF OF
1 Jack Johnson Marc Staal 40 1 2 2
2 Erik Karlsson Mattias Ekholm 35 1 2 2
3 Colten Teubert Jarred Tinordi 25 1 2 2
4 Jack Johnson Marc Staal 0 1 2 2
PowerPlay Forward
Center Left Wing Right Wing Time % Phy DF OF
1 Bryan Little Mikkel Boedker Patric Hornqvist 60 1 2 2
2 Charlie Coyle Tomas Fleischmann Evgeny Dadonov 40 1 2 2
PowerPlay Defense
Defense Defense Time % Phy DF OF
1 Jack Johnson Marc Staal 60 1 2 2
2 Erik Karlsson Mattias Ekholm 40 1 2 2
Penalty Kill 4 Players Forward
Center Wing Time % Phy DF OF
1 Mikkel Boedker Patric Hornqvist 60 1 2 2
2 Bryan Little Charlie Coyle 40 1 2 2
Penalty Kill 4 Players Defense
Defense Defense Time % Phy DF OF
1 Jack Johnson Marc Staal 60 1 2 2
2 Erik Karlsson Mattias Ekholm 40 1 2 2
Penalty Kill - 3 Players Forward
Forward Time % Phy DF OF
1 Mikkel Boedker 60 1 2 2
2 Patric Hornqvist 40 1 2 2
Penalty Kill - 3 Players Defense
Defense Defense Time % Phy DF OF
1 Jack Johnson Marc Staal 60 1 2 2
2 Erik Karlsson Mattias Ekholm 40 1 2 2
4 vs 4 Forward
Center Wing Time % Phy DF OF
1 Mikkel Boedker Patric Hornqvist 60 1 2 2
2 Bryan Little Charlie Coyle 40 1 2 2
4 vs 4 Defense
Defense Defense Time % Phy DF OF
1 Jack Johnson Marc Staal 60 1 2 2
2 Erik Karlsson Mattias Ekholm 40 1 2 2
Last Minutes Offensive
Center Left Wing Right Wing Defense Defense
Bryan Little Mikkel Boedker Patric Hornqvist Jack Johnson Marc Staal
Last Minutes Defensive
Center Left Wing Right Wing Defense Defense
Bryan Little Mikkel Boedker Patric Hornqvist Jack Johnson Marc Staal
Goaltenders
Starting : Semyon Varlamov
Backup : Cam Ward
Extra Forwards
Normal : Luke Witkowski, James Van Riemsdyk, Vincent Trocheck - PP : Luke Witkowski, James Van Riemsdyk - PK : Vincent Trocheck
Extra Defensemen
Normal : Colten Teubert, Jarred Tinordi, Erik Karlsson - PP : Colten Teubert - PK : Jarred Tinordi, Erik Karlsson
Penalty Shots
Mikkel Boedker, Patric Hornqvist, Bryan Little, Charlie Coyle, Evgeny Dadonov
Scratches
None
Rangers
5 vs 5 Forward
Center Left Wing Right Wing Time % Phy DF OF
1 Sean Couturier Milan Lucic Ryan Strome 40 1 2 2
2 Patrice Bergeron Chris Bourque Steve Quailer 30 1 2 2
3 Tomas Hertl T.J Galiardi Devante Smith-Pelly 20 1 2 2
4 Artem Anisimov Magnus Paajarvi Richard Panik 10 1 2 2
5 vs 5 Defense
Defense Defense Time % Phy DF OF
1 Luke Schenn Dmitry Kulikov 40 1 2 2
2 Patrik Nemeth Matt Delahey 30 1 2 2
3 Morgan Ellis Jonas Brodin 20 1 2 2
4 Luke Schenn Dmitry Kulikov 10 1 2 2
PowerPlay Forward
Center Left Wing Right Wing Time % Phy DF OF
1 Sean Couturier Milan Lucic Ryan Strome 60 1 2 2
2 Patrice Bergeron Chris Bourque Steve Quailer 40 1 2 2
PowerPlay Defense
Defense Defense Time % Phy DF OF
1 Luke Schenn Dmitry Kulikov 60 1 2 2
2 Patrik Nemeth Matt Delahey 40 1 2 2
Penalty Kill 4 Players Forward
Center Wing Time % Phy DF OF
1 Milan Lucic Sean Couturier 60 1 2 2
2 Patrice Bergeron Tomas Hertl 40 1 2 2
Penalty Kill 4 Players Defense
Defense Defense Time % Phy DF OF
1 Luke Schenn Dmitry Kulikov 60 1 2 2
2 Patrik Nemeth Matt Delahey 40 1 2 2
Penalty Kill - 3 Players Forward
Forward Time % Phy DF OF
1 Milan Lucic 60 1 2 2
2 Sean Couturier 40 1 2 2
Penalty Kill - 3 Players Defense
Defense Defense Time % Phy DF OF
1 Luke Schenn Dmitry Kulikov 60 1 2 2
2 Patrik Nemeth Matt Delahey 40 1 2 2
4 vs 4 Forward
Center Wing Time % Phy DF OF
1 Milan Lucic Sean Couturier 60 1 2 2
2 Patrice Bergeron Tomas Hertl 40 1 2 2
4 vs 4 Defense
Defense Defense Time % Phy DF OF
1 Luke Schenn Dmitry Kulikov 60 1 2 2
2 Patrik Nemeth Matt Delahey 40 1 2 2
Last Minutes Offensive
Center Left Wing Right Wing Defense Defense
Sean Couturier Milan Lucic Ryan Strome Luke Schenn Dmitry Kulikov
Last Minutes Defensive
Center Left Wing Right Wing Defense Defense
Sean Couturier Milan Lucic Ryan Strome Luke Schenn Dmitry Kulikov
Goaltenders
Starting : Frederik Andersen
Backup : Harru Sateri
Extra Forwards
Normal : Devante Smith-Pelly, Richard Panik, T.J Galiardi - PP : Devante Smith-Pelly, Richard Panik - PK : T.J Galiardi
Extra Defensemen
Normal : Morgan Ellis, Jonas Brodin, Patrik Nemeth - PP : Morgan Ellis - PK : Jonas Brodin, Patrik Nemeth
Penalty Shots
Milan Lucic, Sean Couturier, Patrice Bergeron, Tomas Hertl, Ryan Strome
Scratches
Brett Ponich (Healthy)
% Time on Ice - Avalanche
Lines # - Real PCT - Wanted PCT - Time Play
Normal Forward
1 - 32% - 40% - 10:48
2 - 26% - 30% - 8:40
3 - 28% - 20% - 9:25
4 - 15% - 10% - 5:05
Normal Defense
1 - 41% - 40% - 14:05
2 - 33% - 35% - 11:11
3 - 26% - 25% - 8:42
4 - 0% - 0% - 0:00
PP Forward
1 - 60% - 60% - 0:21
2 - 40% - 40% - 0:14
PP Defense
1 - 100% - 60% - 0:35
2 - 0% - 40% - 0:00
PK Forward
1 - 68% - 60% - 16:40
2 - 32% - 40% - 7:46
PK Defense
1 - 62% - 60% - 15:04
2 - 38% - 40% - 9:22
PK3 Forward
1 - 100% - 60% - 1:01
2 - 0% - 40% - 0:00
PK3 Defense
1 - 90% - 60% - 0:55
2 - 10% - 40% - 0:06
44 Forward
1 - 0% - 60%
2 - 0% - 40%
44 Defense
1 - 0% - 60%
2 - 0% - 40%
Last Minute Offensive - 0:00
Last Minute Defensive - 0:00
Total
Forward - 60:00
Defense - 60:00
|
% Time on Ice - Rangers
Lines # - Real PCT - Wanted PCT - Time Play
Normal Forward
1 - 32% - 40% - 11:01
2 - 19% - 30% - 6:35
3 - 31% - 20% - 10:34
4 - 17% - 10% - 5:48
Normal Defense
1 - 42% - 40% - 14:08
2 - 29% - 30% - 9:46
3 - 30% - 20% - 10:04
4 - 0% - 10% - 0:00
PP Forward
1 - 55% - 60% - 14:00
2 - 45% - 40% - 11:27
PP Defense
1 - 62% - 60% - 15:52
2 - 38% - 40% - 9:35
PK Forward
1 - 100% - 60% - 0:35
2 - 0% - 40% - 0:00
PK Defense
1 - 100% - 60% - 0:35
2 - 0% - 40% - 0:00
PK3 Forward
1 - 0% - 60%
2 - 0% - 40%
PK3 Defense
1 - 0% - 60%
2 - 0% - 40%
44 Forward
1 - 0% - 60%
2 - 0% - 40%
44 Defense
1 - 0% - 60%
2 - 0% - 40%
Last Minute Offensive - 0:00
Last Minute Defensive - 0:00
Total
Forward - 60:00
Defense - 60:00
|
Play-by-Play
1st period
0:01 of 1st period - Sean Couturier wins face-off versus Bryan Little in neutral zone.
0:14 of 1st period - Off-side.
0:15 of 1st period - Charlie Coyle wins face-off versus Patrice Bergeron in neutral zone.
0:26 of 1st period - Slapshot by Evgeny Dadonov.
0:26 of 1st period - Stopped by Frederik Andersen with a rebound.
0:49 of 1st period - Backhand shot by Devante Smith-Pelly.
0:49 of 1st period - Stopped by Semyon Varlamov without a rebound.
0:50 of 1st period - Bryan Little wins face-off versus Sean Couturier in Avalanche zone.
0:57 of 1st period - Wrist shot by Patric Hornqvist.
0:57 of 1st period - Stopped by Frederik Andersen with a rebound.
1:13 of 1st period - Minor Penalty to Patric Hornqvist for Tripping.
1:14 of 1st period - Mikkel Boedker wins face-off versus Milan Lucic in Avalanche zone.
1:14 of 1st period - Mikkel Boedker is hit by Ryan Strome.
3:13 of 1st period - Penalty to Patric Hornqvist is over, Patric Hornqvist is back on ice.
4:02 of 1st period - James Van Riemsdyk is hit by Morgan Ellis and loses puck.
5:05 of 1st period - Sean Couturier is hit by Erik Karlsson and loses puck.
5:23 of 1st period - Bryan Little is hit by Magnus Paajarvi and loses puck.
5:36 of 1st period - Snap shot by Evgeny Dadonov.
5:36 of 1st period - Shot Misses the Net.
5:38 of 1st period - Slapshot by Marc Staal.
5:38 of 1st period - Stopped by Frederik Andersen without a rebound.
5:39 of 1st period - Charlie Coyle wins face-off versus Tomas Hertl in Rangers zone.
6:20 of 1st period - Wrist shot by Evgeny Dadonov.
6:20 of 1st period - Shot Misses the Net.
6:41 of 1st period - Slapshot by T.J Galiardi.
6:41 of 1st period - Shot Blocked by Charlie Coyle.
6:43 of 1st period - Wrist shot by Devante Smith-Pelly.
6:43 of 1st period - Shot Blocked by Charlie Coyle.
6:45 of 1st period - Slapshot by Morgan Ellis.
6:45 of 1st period - Stopped by Semyon Varlamov with a rebound.
6:49 of 1st period - Snap shot by Devante Smith-Pelly.
6:49 of 1st period - Stopped by Semyon Varlamov without a rebound.
6:50 of 1st period - Bryan Little wins face-off versus Sean Couturier in Avalanche zone.
6:55 of 1st period - Snap shot by Mikkel Boedker.
6:55 of 1st period - Stopped by Frederik Andersen without a rebound.
6:56 of 1st period - Sean Couturier wins face-off versus Bryan Little in Rangers zone.
6:56 of 1st period - Sean Couturier is hit by Patric Hornqvist.
7:05 of 1st period - Minor Penalty to Mikkel Boedker for Holding.
7:06 of 1st period - Sean Couturier wins face-off versus Vincent Trocheck in Avalanche zone.
9:05 of 1st period - Penalty to Mikkel Boedker is over, Mikkel Boedker is back on ice.
9:31 of 1st period - Jonas Brodin is hit by Charlie Coyle.
9:43 of 1st period - Martin Samuelsson is hit by Luke Schenn and loses puck.
9:52 of 1st period - Luke Schenn is hit by Nick Cousins and loses puck.
11:25 of 1st period - Slapshot by T.J Galiardi.
11:25 of 1st period - Shot Blocked by Jack Johnson.
11:27 of 1st period - Snap shot by T.J Galiardi.
11:27 of 1st period - Shot Misses the Net.
11:33 of 1st period - Wrist shot by Marc Staal.
11:33 of 1st period - Deflect By James Van Riemsdyk.
11:33 of 1st period - Stopped by Frederik Andersen with a rebound.
11:43 of 1st period - Snap shot by Vincent Trocheck.
11:43 of 1st period - Stopped by Frederik Andersen with a rebound.
11:57 of 1st period - Vincent Trocheck is hit by Chris Bourque and loses puck.
12:08 of 1st period - James Van Riemsdyk is hit by Patrik Nemeth and loses puck.
12:44 of 1st period - Slapshot by James Van Riemsdyk.
12:44 of 1st period - Deflect By Patrik Nemeth.
12:44 of 1st period - Stopped by Frederik Andersen without a rebound.
12:45 of 1st period - Bryan Little wins face-off versus Sean Couturier in Rangers zone.
13:08 of 1st period - Minor Penalty to Colten Teubert for Kneeing.
13:09 of 1st period - Mikkel Boedker wins face-off versus Sean Couturier in Avalanche zone.
13:09 of 1st period - Mikkel Boedker is hit by Milan Lucic.
13:21 of 1st period - Wrist shot by Milan Lucic.
13:21 of 1st period - Stopped by Semyon Varlamov without a rebound.
13:22 of 1st period - Mikkel Boedker wins face-off versus Sean Couturier in Avalanche zone.
13:53 of 1st period - Off-side.
13:54 of 1st period - Sean Couturier wins face-off versus Bryan Little in neutral zone.
14:29 of 1st period - Slapshot by Patrik Nemeth.
14:29 of 1st period - Shot Misses the Net.
15:08 of 1st period - Penalty to Colten Teubert is over, Colten Teubert is back on ice.
15:14 of 1st period - Snap shot by Chris Bourque.
15:14 of 1st period - Stopped by Semyon Varlamov without a rebound.
15:15 of 1st period - Sean Couturier wins face-off versus Charlie Coyle in Avalanche zone.
15:53 of 1st period - Wrist shot by Luke Witkowski.
15:53 of 1st period - Stopped by Frederik Andersen with a rebound.
16:07 of 1st period - Snap shot by Artem Anisimov.
16:07 of 1st period - Shot Misses the Net.
16:09 of 1st period - Slapshot by Dmitry Kulikov.
16:09 of 1st period - Stopped by Semyon Varlamov with a rebound.
16:11 of 1st period - Snap shot by Luke Schenn.
16:11 of 1st period - Shot Blocked by Mikkel Boedker.
16:13 of 1st period - Snap shot by Magnus Paajarvi.
16:13 of 1st period - Deflect By Jack Johnson.
16:13 of 1st period - Stopped by Semyon Varlamov without a rebound.
16:14 of 1st period - Ryan Strome wins face-off versus Charlie Coyle in Avalanche zone.
16:26 of 1st period - Snap shot by Ryan Strome.
16:26 of 1st period - Stopped by Semyon Varlamov with a rebound.
16:28 of 1st period - Slapshot by Ryan Strome.
16:28 of 1st period - Stopped by Semyon Varlamov with a rebound.
16:30 of 1st period - Slapshot by Ryan Strome.
16:30 of 1st period - Deflect By Milan Lucic.
16:30 of 1st period - Shot Blocked by Evgeny Dadonov.
16:30 of 1st period - Puck is out of play.
16:31 of 1st period - Bryan Little wins face-off versus Patrice Bergeron in Avalanche zone.
16:33 of 1st period - Minor Penalty to Bryan Little for Tripping.
16:34 of 1st period - Sean Couturier wins face-off versus Mikkel Boedker in Avalanche zone.
16:36 of 1st period - Wrist shot by Milan Lucic.
16:36 of 1st period - Stopped by Semyon Varlamov without a rebound.
16:37 of 1st period - Mikkel Boedker wins face-off versus Sean Couturier in Avalanche zone.
16:37 of 1st period - Mikkel Boedker is hit by Milan Lucic.
17:47 of 1st period - Snap shot by Charlie Coyle.
17:47 of 1st period - Stopped by Frederik Andersen without a rebound.
17:48 of 1st period - Sean Couturier wins face-off versus Kyle Turris in Rangers zone.
17:57 of 1st period - Jack Johnson is hit by Milan Lucic and loses puck.
18:33 of 1st period - Penalty to Bryan Little is over, Bryan Little is back on ice.
18:39 of 1st period - Off-side.
18:40 of 1st period - Vincent Trocheck wins face-off versus Tomas Hertl in neutral zone.
18:45 of 1st period - Wrist shot by Vincent Trocheck.
18:45 of 1st period - Stopped by Frederik Andersen without a rebound.
18:46 of 1st period - Bryan Little wins face-off versus Sean Couturier in Rangers zone.
18:47 of 1st period - Slapshot by Mikkel Boedker.
18:47 of 1st period - Stopped by Frederik Andersen with a rebound.
19:09 of 1st period - Minor Penalty to Mikkel Boedker for Roughing.
19:10 of 1st period - Vincent Trocheck wins face-off versus Sean Couturier in Avalanche zone.
19:25 of 1st period - Snap shot by Ryan Strome.
19:25 of 1st period - Goal by Ryan Strome - Avalanche : 0 - Rangers : 1.
19:26 of 1st period - Bryan Little wins face-off versus Sean Couturier in neutral zone.
19:37 of 1st period - Snap shot by Sean Couturier.
19:37 of 1st period - Deflect By Milan Lucic.
19:37 of 1st period - Stopped by Semyon Varlamov with a rebound.
19:39 of 1st period - Wrist shot by Ryan Strome.
19:39 of 1st period - Goal by Ryan Strome - Avalanche : 0 - Rangers : 2.
19:40 of 1st period - Sean Couturier wins face-off versus Patric Hornqvist in neutral zone.
19:42 of 1st period - Dmitry Kulikov is hit by Jack Johnson and loses puck.
19:48 of 1st period - Minor Penalty to Bryan Little for Goalie Interference.
19:49 of 1st period - Sean Couturier wins face-off versus Mikkel Boedker in Avalanche zone.
Goals for this period are 0 for Avalanche vs 2 for Rangers.
Shots for this period are 11 for Avalanche vs 13 for Rangers.
2nd period
0:01 of 2nd period - Mikkel Boedker wins face-off versus Sean Couturier in neutral zone.
0:27 of 2nd period - Icing by Dmitry Kulikov.
0:28 of 2nd period - Patrice Bergeron wins face-off versus Mikkel Boedker in Rangers zone.
1:03 of 2nd period - Wrist shot by Steve Quailer.
1:03 of 2nd period - Shot Blocked by Patric Hornqvist.
1:32 of 2nd period - Snap shot by Steve Quailer.
1:32 of 2nd period - Shot Misses the Net.
1:44 of 2nd period - Slapshot by Dmitry Kulikov.
1:44 of 2nd period - Stopped by Semyon Varlamov with a rebound.
1:48 of 2nd period - Penalty to Bryan Little is over, Bryan Little is back on ice.
1:56 of 2nd period - Snap shot by Bryan Little.
1:56 of 2nd period - Deflect By Chris Bourque.
1:56 of 2nd period - Shot Misses the Net.
1:56 of 2nd period - Puck is out of play.
1:57 of 2nd period - Sean Couturier wins face-off versus Vincent Trocheck in Rangers zone.
1:57 of 2nd period - Sean Couturier is hit by Mattias Ekholm.
2:28 of 2nd period - Slapshot by Devante Smith-Pelly.
2:28 of 2nd period - Shot Misses the Net.
2:48 of 2nd period - Nick Cousins is hit by Jonas Brodin and loses puck.
3:01 of 2nd period - Minor Penalty to Nick Cousins for Hooking.
3:02 of 2nd period - Sean Couturier wins face-off versus Mikkel Boedker in Avalanche zone.
3:09 of 2nd period - Slapshot by Milan Lucic.
3:09 of 2nd period - Shot Misses the Net.
3:11 of 2nd period - Snap shot by Milan Lucic.
3:11 of 2nd period - Shot Hit the Post.
3:13 of 2nd period - Slapshot by Patrik Nemeth.
3:13 of 2nd period - Deflect By Mikkel Boedker.
3:13 of 2nd period - Stopped by Semyon Varlamov without a rebound.
3:14 of 2nd period - Sean Couturier wins face-off versus Mikkel Boedker in Avalanche zone.
5:01 of 2nd period - Penalty to Nick Cousins is over, Nick Cousins is back on ice.
5:15 of 2nd period - Devante Smith-Pelly is hit by Colten Teubert.
5:21 of 2nd period - Snap shot by James Van Riemsdyk.
5:21 of 2nd period - Stopped by Frederik Andersen with a rebound.
5:23 of 2nd period - Snap shot by Vincent Trocheck.
5:23 of 2nd period - Shot Misses the Net.
5:29 of 2nd period - Minor Penalty to Jonas Brodin for High sticking.
5:30 of 2nd period - Milan Lucic wins face-off versus Bryan Little in Rangers zone.
6:04 of 2nd period - Snap shot by Charlie Coyle.
6:04 of 2nd period - Goal by Charlie Coyle - Avalanche : 1 - Rangers : 2.
6:05 of 2nd period - Patrice Bergeron wins face-off versus Bryan Little in neutral zone.
6:40 of 2nd period - Wrist shot by Milan Lucic.
6:40 of 2nd period - Shot Misses the Net.
6:53 of 2nd period - Off-side.
6:54 of 2nd period - Tomas Hertl wins face-off versus Vincent Trocheck in neutral zone.
7:19 of 2nd period - Mattias Ekholm is hit by Steve Quailer and loses puck.
7:34 of 2nd period - Jonas Brodin is hit by Mattias Ekholm and loses puck.
7:47 of 2nd period - Erik Karlsson is hit by Ryan Strome and loses puck.
8:09 of 2nd period - Wrist shot by Tomas Hertl.
8:09 of 2nd period - Deflect By Marc Staal.
8:09 of 2nd period - Shot Blocked by Evgeny Dadonov.
8:09 of 2nd period - Puck is out of play.
8:10 of 2nd period - Charlie Coyle wins face-off versus Tomas Hertl in Avalanche zone.
8:10 of 2nd period - Charlie Coyle is hit by Devante Smith-Pelly.
9:06 of 2nd period - Snap shot by Patrice Bergeron.
9:06 of 2nd period - Stopped by Semyon Varlamov without a rebound.
9:07 of 2nd period - Bryan Little wins face-off versus Ryan Strome in Avalanche zone.
9:42 of 2nd period - Snap shot by Luke Witkowski.
9:42 of 2nd period - Shot Misses the Net.
10:29 of 2nd period - Off-side.
10:30 of 2nd period - Patrice Bergeron wins face-off versus Martin Samuelsson in neutral zone.
10:33 of 2nd period - Jack Johnson is hit by Patrice Bergeron and loses puck.
11:39 of 2nd period - Minor Penalty to Patric Hornqvist for Slashing.
11:40 of 2nd period - Mikkel Boedker wins face-off versus Ryan Strome in Avalanche zone.
11:40 of 2nd period - Mikkel Boedker is hit by Milan Lucic.
12:22 of 2nd period - Slapshot by Patrik Nemeth.
12:22 of 2nd period - Shot Misses the Net.
12:24 of 2nd period - Wrist shot by Milan Lucic.
12:24 of 2nd period - Goal by Milan Lucic - Avalanche : 1 - Rangers : 3.
12:25 of 2nd period - Bryan Little wins face-off versus Sean Couturier in neutral zone.
12:28 of 2nd period - Milan Lucic is hit by Mikkel Boedker and loses puck.
12:35 of 2nd period - Wrist shot by Bryan Little.
12:35 of 2nd period - Stopped by Frederik Andersen without a rebound.
12:36 of 2nd period - Sean Couturier wins face-off versus Bryan Little in Rangers zone.
12:38 of 2nd period - Icing by Dmitry Kulikov.
12:39 of 2nd period - Milan Lucic wins face-off versus Bryan Little in Rangers zone.
12:46 of 2nd period - Wrist shot by Patric Hornqvist.
12:46 of 2nd period - Stopped by Frederik Andersen without a rebound.
12:47 of 2nd period - Bryan Little wins face-off versus Sean Couturier in Rangers zone.
12:54 of 2nd period - Wrist shot by Patric Hornqvist.
12:54 of 2nd period - Shot Misses the Net.
12:56 of 2nd period - Snap shot by Erik Karlsson.
12:56 of 2nd period - Shot Blocked by Dmitry Kulikov.
12:58 of 2nd period - Slapshot by Mattias Ekholm.
12:58 of 2nd period - Stopped by Frederik Andersen with a rebound.
13:00 of 2nd period - Slapshot by Mikkel Boedker.
13:00 of 2nd period - Shot Misses the Net.
13:02 of 2nd period - Wrist shot by Patric Hornqvist.
13:02 of 2nd period - Shot Blocked by Luke Schenn.
13:04 of 2nd period - Wrist shot by Bryan Little.
13:04 of 2nd period - Stopped by Frederik Andersen with a rebound.
13:14 of 2nd period - Charlie Coyle is hit by Dmitry Kulikov.
13:22 of 2nd period - Slapshot by Evgeny Dadonov.
13:22 of 2nd period - Shot Hit the Post.
13:24 of 2nd period - Wrist shot by Jack Johnson.
13:24 of 2nd period - Stopped by Frederik Andersen with a rebound.
13:59 of 2nd period - T.J Galiardi is hit by Marc Staal and loses puck.
14:24 of 2nd period - Snap shot by Sean Couturier.
14:24 of 2nd period - Stopped by Semyon Varlamov without a rebound.
14:25 of 2nd period - Charlie Coyle wins face-off versus Sean Couturier in Avalanche zone.
15:00 of 2nd period - Snap shot by Sean Couturier.
15:00 of 2nd period - Shot Misses the Net.
15:14 of 2nd period - James Van Riemsdyk is hit by Milan Lucic and loses puck.
15:28 of 2nd period - Slapshot by Sean Couturier.
15:28 of 2nd period - Shot Misses the Net.
15:38 of 2nd period - Wrist shot by Sean Couturier.
15:38 of 2nd period - Shot Misses the Net.
15:44 of 2nd period - Slapshot by James Van Riemsdyk.
15:44 of 2nd period - Stopped by Frederik Andersen without a rebound.
15:45 of 2nd period - Patrice Bergeron wins face-off versus Bryan Little in Rangers zone.
15:56 of 2nd period - Wrist shot by Patrice Bergeron.
15:56 of 2nd period - Stopped by Semyon Varlamov with a rebound.
16:35 of 2nd period - Slapshot by Dmitry Kulikov.
16:35 of 2nd period - Stopped by Semyon Varlamov without a rebound.
16:36 of 2nd period - Tomas Hertl wins face-off versus Kyle Turris in Avalanche zone.
16:39 of 2nd period - Slapshot by Tomas Hertl.
16:39 of 2nd period - Stopped by Semyon Varlamov without a rebound.
16:40 of 2nd period - Devante Smith-Pelly wins face-off versus Bryan Little in Avalanche zone.
16:51 of 2nd period - Snap shot by Patric Hornqvist.
16:51 of 2nd period - Shot Blocked by Tomas Hertl.
16:53 of 2nd period - Snap shot by Patric Hornqvist.
16:53 of 2nd period - Deflect By Mikkel Boedker.
16:53 of 2nd period - Shot Blocked by Devante Smith-Pelly.
16:53 of 2nd period - Puck is out of play.
16:54 of 2nd period - Bryan Little wins face-off versus Patrice Bergeron in Rangers zone.
17:01 of 2nd period - Slapshot by Patric Hornqvist.
17:01 of 2nd period - Stopped by Frederik Andersen without a rebound.
17:02 of 2nd period - Patrice Bergeron wins face-off versus Bryan Little in Rangers zone.
17:08 of 2nd period - Minor Penalty to Mikkel Boedker for Hooking.
17:09 of 2nd period - Vincent Trocheck wins face-off versus Ryan Strome in Avalanche zone.
17:09 of 2nd period - Vincent Trocheck is hit by Dmitry Kulikov.
17:22 of 2nd period - Slapshot by Patric Hornqvist.
17:22 of 2nd period - Shot Misses the Net.
17:24 of 2nd period - Snap shot by Patric Hornqvist.
17:24 of 2nd period - Stopped by Frederik Andersen without a rebound.
17:25 of 2nd period - Vincent Trocheck wins face-off versus Sean Couturier in Rangers zone.
17:34 of 2nd period - Snap shot by Vincent Trocheck.
17:34 of 2nd period - Stopped by Frederik Andersen with a rebound.
17:40 of 2nd period - Slapshot by Luke Schenn.
17:40 of 2nd period - Stopped by Semyon Varlamov with a rebound.
17:52 of 2nd period - Wrist shot by Chris Bourque.
17:52 of 2nd period - Shot Misses the Net.
17:54 of 2nd period - Slapshot by Patrik Nemeth.
17:54 of 2nd period - Stopped by Semyon Varlamov without a rebound.
17:55 of 2nd period - Sean Couturier wins face-off versus Bryan Little in Avalanche zone.
18:00 of 2nd period - Slapshot by Milan Lucic.
18:00 of 2nd period - Goal by Milan Lucic - Avalanche : 1 - Rangers : 4.
18:01 of 2nd period - Sean Couturier wins face-off versus Bryan Little in neutral zone.
18:28 of 2nd period - Minor Penalty to Patric Hornqvist for Roughing.
18:29 of 2nd period - Sean Couturier wins face-off versus Mikkel Boedker in Avalanche zone.
18:34 of 2nd period - Snap shot by Milan Lucic.
18:34 of 2nd period - Deflect By Ryan Strome.
18:34 of 2nd period - Stopped by Semyon Varlamov without a rebound.
18:35 of 2nd period - Sean Couturier wins face-off versus Mikkel Boedker in Avalanche zone.
Goals for this period are 1 for Avalanche vs 2 for Rangers.
Shots for this period are 11 for Avalanche vs 12 for Rangers.
3rd period
0:01 of 3rd period - Sean Couturier wins face-off versus Mikkel Boedker in neutral zone.
0:10 of 3rd period - Slapshot by Ryan Strome.
0:10 of 3rd period - Deflect By Marc Staal.
0:10 of 3rd period - Shot Blocked by Jack Johnson.
0:10 of 3rd period - Puck is out of play.
0:11 of 3rd period - Vincent Trocheck wins face-off versus Sean Couturier in Avalanche zone.
0:28 of 3rd period - Penalty to Patric Hornqvist is over, Patric Hornqvist is back on ice.
0:56 of 3rd period - Jack Johnson is hit by Patrik Nemeth and loses puck.
1:09 of 3rd period - Snap shot by Evgeny Dadonov.
1:09 of 3rd period - Shot Blocked by Richard Panik.
1:11 of 3rd period - Slapshot by Evgeny Dadonov.
1:11 of 3rd period - Stopped by Frederik Andersen without a rebound.
1:12 of 3rd period - Artem Anisimov wins face-off versus Mikkel Boedker in Rangers zone.
1:29 of 3rd period - Slapshot by Mikkel Boedker.
1:29 of 3rd period - Stopped by Frederik Andersen with a rebound.
1:49 of 3rd period - Wrist shot by James Van Riemsdyk.
1:49 of 3rd period - Shot Blocked by Dmitry Kulikov.
2:19 of 3rd period - Wrist shot by Dmitry Kulikov.
2:19 of 3rd period - Shot Blocked by Jarred Tinordi.
2:27 of 3rd period - Wrist shot by T.J Galiardi.
2:27 of 3rd period - Stopped by Semyon Varlamov without a rebound.
2:28 of 3rd period - Bryan Little wins face-off versus Sean Couturier in Avalanche zone.
2:30 of 3rd period - Minor Penalty to Bryan Little for Tripping.
2:31 of 3rd period - Sean Couturier wins face-off versus Mikkel Boedker in Avalanche zone.
2:33 of 3rd period - Snap shot by Ryan Strome.
2:33 of 3rd period - Shot Misses the Net.
2:35 of 3rd period - Wrist shot by Sean Couturier.
2:35 of 3rd period - Shot Misses the Net.
2:37 of 3rd period - Slapshot by Patrik Nemeth.
2:37 of 3rd period - Shot Blocked by Mikkel Boedker.
2:39 of 3rd period - Slapshot by Milan Lucic.
2:39 of 3rd period - Shot Blocked by Jack Johnson.
4:30 of 3rd period - Penalty to Bryan Little is over, Bryan Little is back on ice.
4:39 of 3rd period - Wrist shot by Kyle Turris.
4:39 of 3rd period - Shot Misses the Net.
4:41 of 3rd period - Wrist shot by Kyle Turris.
4:41 of 3rd period - Shot Misses the Net.
4:47 of 3rd period - Nick Cousins is hit by Tomas Hertl and loses puck.
5:07 of 3rd period - Slapshot by Magnus Paajarvi.
5:07 of 3rd period - Shot Blocked by Colten Teubert.
5:25 of 3rd period - Snap shot by Charlie Coyle.
5:25 of 3rd period - Shot Misses the Net.
5:27 of 3rd period - Wrist shot by Tomas Fleischmann.
5:27 of 3rd period - Shot Misses the Net.
5:40 of 3rd period - Double Minor Penalty to Marc Staal for Roughing.
5:41 of 3rd period - Sean Couturier wins face-off versus Mikkel Boedker in Avalanche zone.
6:18 of 3rd period - Snap shot by Bryan Little.
6:18 of 3rd period - Goal by Bryan Little - Avalanche : 2 - Rangers : 4.
6:19 of 3rd period - Mikkel Boedker wins face-off versus Sean Couturier in neutral zone.
6:28 of 3rd period - Wrist shot by Ryan Strome.
6:28 of 3rd period - Shot Misses the Net.
6:30 of 3rd period - Slapshot by Milan Lucic.
6:30 of 3rd period - Stopped by Semyon Varlamov without a rebound.
6:31 of 3rd period - Mikkel Boedker wins face-off versus Sean Couturier in Avalanche zone.
8:48 of 3rd period - Mikkel Boedker is hit by Devante Smith-Pelly and loses puck.
9:40 of 3rd period - Penalty to Marc Staal is over, Marc Staal is back on ice.
9:53 of 3rd period - Tomas Hertl is hit by Martin Samuelsson and loses puck.
10:19 of 3rd period - Icing by Vincent Trocheck.
10:20 of 3rd period - Milan Lucic wins face-off versus Vincent Trocheck in Avalanche zone.
10:33 of 3rd period - Vincent Trocheck is hit by Dmitry Kulikov and loses puck.
10:43 of 3rd period - Minor Penalty to Patric Hornqvist for Hooking.
10:44 of 3rd period - Mikkel Boedker wins face-off versus Milan Lucic in Avalanche zone.
11:01 of 3rd period - Wrist shot by Sean Couturier.
11:01 of 3rd period - Stopped by Semyon Varlamov with a rebound.
11:17 of 3rd period - Slapshot by Luke Schenn.
11:17 of 3rd period - Stopped by Semyon Varlamov with a rebound.
11:19 of 3rd period - Slapshot by Luke Schenn.
11:19 of 3rd period - Stopped by Semyon Varlamov with a rebound.
12:43 of 3rd period - Penalty to Patric Hornqvist is over, Patric Hornqvist is back on ice.
13:20 of 3rd period - Slapshot by Tomas Fleischmann.
13:20 of 3rd period - Stopped by Frederik Andersen with a rebound.
13:31 of 3rd period - Off-side.
13:32 of 3rd period - Bryan Little wins face-off versus Sean Couturier in neutral zone.
14:07 of 3rd period - Snap shot by Vincent Trocheck.
14:07 of 3rd period - Stopped by Frederik Andersen with a rebound.
14:09 of 3rd period - Slapshot by Luke Witkowski.
14:09 of 3rd period - Stopped by Frederik Andersen without a rebound.
14:10 of 3rd period - Charlie Coyle wins face-off versus Patrice Bergeron in Rangers zone.
14:13 of 3rd period - Snap shot by Tomas Fleischmann.
14:13 of 3rd period - Shot Blocked by Patrice Bergeron.
14:53 of 3rd period - Jonas Brodin is hit by James Van Riemsdyk and loses puck.
15:08 of 3rd period - Slapshot by Morgan Ellis.
15:08 of 3rd period - Stopped by Semyon Varlamov without a rebound.
15:09 of 3rd period - Tomas Hertl wins face-off versus Bryan Little in Avalanche zone.
16:08 of 3rd period - Snap shot by Tomas Fleischmann.
16:08 of 3rd period - Shot Misses the Net.
16:18 of 3rd period - Tomas Fleischmann is hit by Matt Delahey and loses puck.
16:29 of 3rd period - Snap shot by Tomas Fleischmann.
16:29 of 3rd period - Deflect By Evgeny Dadonov.
16:29 of 3rd period - Shot Misses the Net.
16:29 of 3rd period - Puck is out of play.
16:30 of 3rd period - Sean Couturier wins face-off versus Vincent Trocheck in Rangers zone.
17:15 of 3rd period - Off-side.
17:16 of 3rd period - Patrice Bergeron wins face-off versus Kyle Turris in neutral zone.
17:29 of 3rd period - Slapshot by Patrice Bergeron.
17:29 of 3rd period - Shot Blocked by Erik Karlsson.
17:31 of 3rd period - Slapshot by Luke Schenn.
17:31 of 3rd period - Stopped by Semyon Varlamov without a rebound.
17:32 of 3rd period - Vincent Trocheck wins face-off versus Tomas Hertl in Avalanche zone.
17:46 of 3rd period - Wrist shot by Vincent Trocheck.
17:46 of 3rd period - Shot Misses the Net.
17:48 of 3rd period - Slapshot by Marc Staal.
17:48 of 3rd period - Shot Misses the Net.
18:15 of 3rd period - Minor Penalty to Martin Samuelsson for Roughing.
18:16 of 3rd period - Mikkel Boedker wins face-off versus Sean Couturier in Avalanche zone.
18:27 of 3rd period - Wrist shot by Sean Couturier.
18:27 of 3rd period - Stopped by Semyon Varlamov without a rebound.
18:28 of 3rd period - Sean Couturier wins face-off versus Mikkel Boedker in Avalanche zone.
18:31 of 3rd period - Wrist shot by Ryan Strome.
18:31 of 3rd period - Stopped by Semyon Varlamov without a rebound.
18:32 of 3rd period - Sean Couturier wins face-off versus Mikkel Boedker in Avalanche zone.
18:41 of 3rd period - Snap shot by Sean Couturier.
18:41 of 3rd period - Stopped by Semyon Varlamov without a rebound.
18:42 of 3rd period - Sean Couturier wins face-off versus Mikkel Boedker in Avalanche zone.
18:49 of 3rd period - Snap shot by Sean Couturier.
18:49 of 3rd period - Stopped by Semyon Varlamov with a rebound.
18:51 of 3rd period - Slapshot by Luke Schenn.
18:51 of 3rd period - Deflect By Milan Lucic.
18:51 of 3rd period - Stopped by Semyon Varlamov without a rebound.
18:52 of 3rd period - Sean Couturier wins face-off versus Mikkel Boedker in Avalanche zone.
18:58 of 3rd period - Minor Penalty to Mikkel Boedker for Holding.
18:59 of 3rd period - Sean Couturier wins face-off versus Vincent Trocheck in Avalanche zone.
19:01 of 3rd period - Snap shot by Milan Lucic.
19:01 of 3rd period - Stopped by Semyon Varlamov with a rebound.
19:03 of 3rd period - Slapshot by Luke Schenn.
19:03 of 3rd period - Stopped by Semyon Varlamov without a rebound.
19:04 of 3rd period - Vincent Trocheck wins face-off versus Ryan Strome in Avalanche zone.
19:21 of 3rd period - Wrist shot by Sean Couturier.
19:21 of 3rd period - Stopped by Semyon Varlamov without a rebound.
19:22 of 3rd period - Vincent Trocheck wins face-off versus Patrice Bergeron in Avalanche zone.
Goals for this period are 1 for Avalanche vs 0 for Rangers.
Shots for this period are 6 for Avalanche vs 15 for Rangers.